 Dungeon Crawl Stone Soup version 0.26-a0-757-g626ac9e51a (webtiles) character file.

Game seed: 4369702162315092374

26 miscthings the Chopper (level 2, 0/27 HPs)
             Began as a Palentonga Delver on Nov 8, 2020.
             Slain by a hound (2 damage)
             ... on level 4 of the Dungeon.
             The game lasted 00:00:38 (183 turns).

miscthings the Chopper (Palentonga Delver)           Turns: 183, Time: 00:00:38

Health: 0/27       AC:  4    Str: 15    XL:     2   Next: 89%
Magic:  2/2        EV:  9    Int: 10    God:
Gold:   30         SH:  0    Dex: 11    Spells: 1/1 levels left

rFire    . . .     SeeInvis +   a - +0 hand axe
rCold    . . .     Faith    .   (no shield)
rNeg     . . .     Spirit   .   b - +0 leather armour
rPois    .         Reflect  .   (no helmet)
rElec    .         Harm     .   (no cloak)
rCorr    .         Rampage  .   (no gloves)
MR       .....                  (no barding)
Stlth    ++........             (no amulet)
HPRegen  0.09/turn              (no ring)
MPRegen  0.08/turn              (no ring)

@: no status effects
A: large, rugged brown scales 3, see invisible, deformed body, roll, armoured
tail
a: Rolling Charge


You were on level 4 of the Dungeon.
You visited 1 branch of the dungeon, and saw 2 of its levels.

You collected 30 gold pieces.

Inventory:

Hand Weapons
 a - a +0 hand axe (weapon)
Armour
 b - a +0 leather armour (worn)
Wands
 g - a wand of digging (3)
Scrolls
 c - a scroll of fog
 d - a scroll of magic mapping
 e - a scroll of fear
 h - a scroll of remove curse {unknown}
 i - a scroll of identify {unknown}
 k - a scroll of teleportation {unknown}
Potions
 f - a potion of haste


   Skills:
 - Level 3.0 Fighting
 + Level 3.4 Axes
 - Level 1.5 Dodging
 - Level 3.3 Stealth


You had one spell level left.
You didn't know any spells.
Your spell library was empty.

Dungeon Overview and Level Annotations

Branches:
Dungeon (5/15)
 Temple: D:4-7

Altars:


Innate Abilities, Weirdness & Mutations

You are completely covered in rugged brown scales. (AC +3, +7% HP)
You have supernaturally acute eyesight. (SInv)
Armour fits poorly on your strangely shaped body.
You can roll at foes to attack.
You have a long armoured tail.


Message History

You are no longer poisoned.
You start resting.
A hound is nearby!
Roll where?
Press: ? - help, Dir - move target cursor, f - hound
Aim: a hound (wandering, hasn't noticed you)
You roll forward with a clatter of scales!
The hound barks!
You barely miss the hound. The hound bites you.
You hit the hound. You tail-slap the hound.
The hound is moderately wounded.
The hound bites you.
* * * LOW HITPOINT WARNING * * *
The hound bites you but does no damage.
You hit the hound.
Your tail-slap misses the hound.
The hound is heavily wounded.
The hound bites you.
* * * LOW HITPOINT WARNING * * *
The hound bites you.
You die...

#....... ##.......
........ #.#......
#####.##.....
##.....#...... #####
##.............
#...####..............
#....@h........(......
#..°####..............
#...####..............
#.....##...h..........
#.....................
#.....................
#######.##.....#.....#
#..##.....#.....
##.##...........


You could see a hound.

Vanquished Creatures
  A worker ant (D:4)
  A leopard gecko (D:4)
  A giant cockroach (D:4)
3 creatures vanquished.

Notes
Turn   | Place    | Note
-------+----------+-------------------------------------------
     0 | D:5      | miscthings the Palentonga Delver began the quest for the
                  | Orb.
     0 | D:5      | Reached XP level 1. HP: 20/20 MP: 1/1
   110 | D:4      | Noticed a hound
   113 | D:4      | Noticed a worker ant
   130 | D:4      | Killed a worker ant
   130 | D:4      | Reached XP level 2. HP: 10/27 MP: 2/2
   183 | D:4      | Slain by a hound

Illustrated notes

Levels and vault maps discovered:
D:4:      layout_rooms
D:5:      layout_loops_ring, minmay_temple_entry_tees, serial_shops,
          shop_statue, nicolae_shop_crystal,
          nicolae_shop_competitors_out_of_business, hex_large

Skill      XL: |  1 |
---------------+----+-----
Axes           | 3 |  3.4
Fighting       | |  3.0
Dodging        | |  1.5
Stealth        | |  3.3

Action                   || total
-------------------------++-------
Melee: Hand axe          ||    14
       Tailslap          ||     2
 Abil: Rolling Charge    ||     2
  Use: Potion            ||     1
Armor: Leather armour    ||     4
Dodge: Dodged            ||     4

Table legend: (Time is in decaauts)
 A = Elapsed time spent in this place.
 B = Non-inter-level travel time spent in this place.
 C = Inter-level travel time spent in this place.
 D = Time resting spent in this place.
 E = Time spent auto-exploring this place.
 F = Levels seen in this place.
 G = Mean time per level.
                   A        B        C        D        E       F      G
               +--------+--------+--------+--------+--------+-----+--------+
         Total |    185 |    185 |      0 |     43 |     62 |   2 |   92.5 |
       Dungeon |    185 |    185 |      0 |     43 |     62 |   2 |   92.5 |
               +--------+--------+--------+--------+--------+-----+--------+

Top non-repeatable levels by time:
     D:4: 174 daAuts
     D:5: 11 daAuts
